 Dungeon Crawl Stone Soup version 0.24-a0-189-g5d897e9104 (webtiles) character file.

Game seed: 0

1659 PikkenKukken the Sneak (level 9, -16/91 HPs)
             Began as an Octopode Summoner on Mar 5, 2019.
             Demolished by a two-headed ogre
             ... wielding a cursed +0 giant club
              (20 damage)
             ... on level 6 of the Dungeon on Mar 16, 2019.
             The game lasted 00:13:34 (7060 turns).

PikkenKukken the Sneak (Octopode Summoner)          Turns: 7060, Time: 00:13:34

Health: -16/91     AC:  1    Str: 13    XL:     9   Next: 0%
Magic:  10/12      EV: 16    Int: 18    God:
Gold:   191        SH:  5    Dex: 14    Spells: 8/12 levels left

rFire    . . .     SeeInvis .   a - +0 dagger (elec)
rCold    . . .     Gourm    .   t - +0 buckler
rNeg     . . .     Faith    .   (helmet restricted)
rPois    .         Spirit   .   p - amulet of rage
rElec    .         Reflect  .   (no ring)
rCorr    .         Harm     .   (no ring)
MR       .....                  (no ring)
Stlth    ..........             (no ring)
HPRegen  0.25/turn              (no ring)
MPRegen  0.13/turn              (no ring)
                                (no ring)
                                (no ring)

@: berserking (expiring), very quick
A: almost no armour, stealthy swim, amphibious, 8 rings, constrict 8, camouflage
1, gelatinous body 1
a: Evoke Berserk Rage


You were on level 6 of the Dungeon.
You were very hungry.

You visited 1 branch of the dungeon, and saw 6 of its levels.

You collected 295 gold pieces.
You spent 104 gold pieces at shops.

Inventory:

Hand Weapons
 a - a +0 dagger of electrocution (weapon)
 b - a +0 hunting sling
Missiles
 c - 8 sling bullets
 k - 126 stones (quivered)
Armour
 t - a +0 buckler (worn)
Jewellery
 p - an amulet of rage (around mantle)
Wands
 s - a wand of disintegration (8)
Scrolls
 e - 2 scrolls of teleportation
 i - a scroll of enchant armour
 u - a scroll of identify
 w - 2 scrolls of remove curse
Potions
 d - 2 potions of heal wounds
 g - 2 potions of might {unknown}
 h - 2 potions of berserk rage
 j - a potion of invisibility {unknown}
 n - a potion of lignification {unknown}
 o - a potion of mutation {unknown}
 q - a potion of curing
 r - 2 potions of degeneration {unknown}
 v - a potion of resistance {unknown}
Comestibles
 l - 6 rations
 x - 2 chunks of flesh


   Skills:
 + Level 5.3 Fighting
 + Level 5.1 Slings
 + Level 5.8 Dodging
 - Level 7.1 Stealth
 + Level 3.1 Shields
 - Level 2.0 Spellcasting
 - Level 4.0 Summonings


You had 8 spell levels left.
You knew the following spells:

 Your Spells              Type           Power        Failure   Level  Hunger
a - Summon Small Mammal   Summ           ###.         3%          1    #......
b - Call Canine Familiar  Summ           ###.....     12%         3    ###....

Your spell library contained the following spells:

 Spells                   Type           Power        Failure   Level  Hunger
 Call Imp                 Summ           ###.....     6%          2    ###....
 Summon Guardian Golem    Hex/Summ       #.......     26%         3    ###....
 Summon Ice Beast         Ice/Summ       #.......     65%         4    #####..
 Summon Lightning Spire   Summ/Air       #.......     65%         4    #####..


Dungeon Overview and Level Annotations

Branches:
Dungeon (6/15)
 Temple: D:4-7

Altars:
Nemelex Xobeh

Shops:
D:4 !


Innate Abilities, Weirdness & Mutations

You cannot wear most types of armour.
You are very stealthy in the water. (Stealth+)
You are amphibious.
You can wear up to eight rings at the same time.
You can use your tentacles to constrict eight enemies at once.
Your skin changes colour to match your surroundings (Stealth+).
Your rubbery body absorbs attacks. (AC +1, EV +1)


Message History

The two-headed ogre hits you with a cursed +0 giant club!!
The two-headed ogre hits you with a +0 giant club.
You puncture the two-headed ogre!
The two-headed ogre is heavily wounded.
A hound comes into view.
The hound completely misses you.
You puncture the two-headed ogre!
The two-headed ogre is severely wounded.
The hound bites you.
The two-headed ogre hits you with a cursed +0 giant club!!
* * * LOW HITPOINT WARNING * * *
The two-headed ogre closely misses you.
You hit the two-headed ogre.
The two-headed ogre is severely wounded.
You block the hound's attack.
You puncture the two-headed ogre!
The two-headed ogre is almost dead.
The hound completely misses you. The two-headed ogre misses you.
The two-headed ogre hits you with a +0 giant club!!
You die...

+......#.####.#
#......#.#....## ####'#
#......#.#.....##......
#......#รท#.....##....#
#......#.#.....##...#
+......'...###..#..#
#......###......#h.#
.......# #..##..<.#
...###.###...#.#@.#
...# #.#...###..Oh# .
...# #.#...# ####h## ..
...# #.#...# #..## #..#
...# #.#...#
##..####...# .#.#
#.+...+ #s.......###
.#.# ##...#
#..#........ .#+# ###..
##.#..##.... ### #....#
..


You could see a two-headed ogre, a scorpion, a howler monkey and 2 hounds.

Vanquished Creatures
  Grinder (D:4)
  5 yaks (D:5)
  Menkaure (D:5)
  An ogre (D:4)
  2 scorpions
  A crimson imp (D:5)
  A bullfrog zombie (D:5)
  2 bullfrog skeletons (D:6)
  A hound (D:5)
  2 worker ants (D:4)
  An iguana (D:4)
  2 hound skeletons
  3 gnolls
  9 adders
  A shadow imp (D:5)
  3 oozes
  2 worms
  2 leopard geckos
  10 orcs
  4 bats
  2 giant cockroaches
  7 goblins
  8 hobgoblins
  6 jackals
  2 quokkas
  3 ball pythons
  4 frilled lizards
  9 kobolds
  7 rats
102 creatures vanquished.

Vanquished Creatures (collateral kills)
  An ooze (D:1)
  A goblin (D:1)
  A jackal (D:5)
  A kobold (D:2)
4 creatures vanquished.

Grand Total: 106 creatures vanquished

Notes
Turn   | Place    | Note
-------+----------+-------------------------------------------
     0 | D:1      | PikkenKukken the Octopode Summoner began the quest for the
                  | Orb.
     0 | D:1      | Reached XP level 1. HP: 11/11 MP: 3/3
     0 | D:1      | Upgraded the game from 0.24-a0-159-gf1ee1cdb4e to
                  | 0.24-a0-189-g5d897e9104
   582 | D:1      | Reached XP level 2. HP: 18/18 MP: 5/5
   602 | D:1      | Reached skill level 1 in Fighting
   608 | D:1      | Reached skill level 3 in Stealth
   804 | D:1      | Found a sparkling altar of Nemelex Xobeh.
  1189 | D:1      | Reached XP level 3. HP: 17/23 MP: 6/6
  2042 | D:2      | Reached skill level 1 in Slings
  2042 | D:2      | Reached XP level 4. HP: 29/29 MP: 7/7
  2365 | D:2      | Reached skill level 4 in Stealth
  2365 | D:2      | Reached XP level 5. HP: 26/34 MP: 8/8
  2776 | D:3      | Learned a level 3 spell: Call Canine Familiar
  3760 | D:3      | Reached XP level 6. HP: 41/41 MP: 9/9
  3958 | D:4      | Found Himp's Distillery.
  4229 | D:4      | Bought a potion of heal wounds for 65 gold pieces
  4229 | D:4      | Bought a potion of curing for 39 gold pieces
  4333 | D:4      | Reached skill level 5 in Stealth
  4610 | D:4      | Noticed Grinder
  4633 | D:4      | Killed Grinder
  4633 | D:4      | Reached skill level 6 in Stealth
  4633 | D:4      | Reached XP level 7. HP: 23/47 MP: 10/10
  5183 | D:5      | Entered Level 5 of the Dungeon
  5183 | D:5      | Noticed Menkaure
  5197 | D:5      | Killed Menkaure
  5992 | D:5      | Noticed a yak
  5992 | D:5      | Noticed a yak
  5992 | D:5      | Noticed a yak
  6001 | D:5      | Noticed a yak
  6005 | D:5      | Noticed a yak
  6011 | D:5      | Killed a yak
  6011 | D:5      | Reached skill level 1 in Shields
  6011 | D:5      | Reached XP level 8. HP: 47/54 MP: 7/11
  6024 | D:5      | Killed a yak
  6024 | D:5      | Reached skill level 5 in Dodging
  6024 | D:5      | Reached skill level 7 in Stealth
  6539 | D:5      | Killed a yak
  6809 | D:5      | Killed a yak
  6809 | D:5      | Reached skill level 5 in Fighting
  6819 | D:5      | Killed a yak
  6819 | D:5      | Reached skill level 5 in Slings
  7011 | D:6      | Reached XP level 9. HP: 57/61 MP: 12/12
  7038 | D:6      | Noticed a two-headed ogre
  7058 | D:6      | HP: 3/91 [two-headed ogre/cursed +0 giant club (25)]
  7060 | D:6      | Demolished by a two-headed ogre

Levels and vault maps discovered:
D:1:      minmay_arrival_widening_spiral_wide, layout_loops_ring,
          hangedman_feature_mirror, nemelex_diamond_rough_becter
D:2:      layout_basic, interstate_on_off
D:3:      layout_loops_corners
D:4:      layout_cave_pods, serial_shops, shop, uniq_grinder
D:5:      layout_loops_ring, first_ration, uniq_menkaure
D:6:      layout_basic, minmay_manual_moon

Skill      XL: |  1  2  3  4  5  6  7  8 |
---------------+-------------------------+-----
Fighting       | 1 2 3 4 5 |  5.3
Stealth        | 3 4 6 7 |  7.1
Slings         | 1 2 3 4 5 |  5.1
Dodging        | 3 4 5 |  5.8
Shields        | 1 3 |  3.1
Spellcasting   | |  2.0
Summonings     | |  4.0

Action                   |  1- 3 |  4- 6 |  7- 9 || total
-------------------------+-------+-------+-------++-------
Melee: Unarmed           |    11 |       |       ||    11
       Dagger            |    29 |    69 |    95 ||   193
       Tentacles         |    10 |    16 |    20 ||    46
       Constrict         |     8 |    17 |    14 ||    39
 Fire: Hunting sling     |    22 |   142 |    80 ||   244
 Cast: Summon Small Mamm |     7 |       |       ||     7
       Call Canine Famil |       |     1 |     2 ||     3
 Abil: Evoke Berserk Rag |       |     3 |     4 ||     7
  Use: Scroll            |       |     8 |     2 ||    10
 Stab: Sleeping          |     3 |     3 |       ||     6
       Distracted        |     1 |       |       ||     1
  Eat: Chunk             |     1 |     8 |     5 ||    14
       Ration            |     1 |     1 |     1 ||     3
Armor: Skin              |     3 |     3 |     7 ||    13
Dodge: Dodged            |    29 |    79 |    81 ||   189
Block: Buckler           |       |       |    15 ||    15

Table legend:
 A = Non-vault XP
 B = Vault XP
 C = Vault XP percentage of total XP
 D = Non-vault monster count
 E = Vault monster count
 F = Vault count percentage of total count
                 A         B        C        D         E       F
            +---------+---------+-------+---------+---------+-------
      Total |    1905 |     465 |  19.6 |      98 |       8 |   7.5
            +---------+---------+-------+---------+---------+-------
        D:1 |      54 |      12 |  18.2 |      12 |       6 |  33.3
        D:2 |     115 |       0 |   0.0 |      13 |       0 |   0.0
        D:3 |     142 |       0 |   0.0 |      37 |       0 |   0.0
        D:4 |     329 |     281 |  46.1 |       9 |       1 |  10.0
        D:5 |    1164 |     172 |  12.9 |      22 |       1 |   4.3
        D:6 |     101 |       0 |   0.0 |       5 |       0 |   0.0
            +---------+---------+-------+---------+---------+-------
